 Dungeon Crawl Stone Soup version 0.13.1-28-g3517093 (webtiles) character file.

95 CrazyArbalest the Bolt Thrower (level 4, 33/33 HPs)
             Began as a Demonspawn Hunter on Mar 19, 2014.
             Quit the game on Level 2 of the Dungeon.
             The game lasted 00:06:35 (1377 turns).

CrazyArbalest the Bolt Thrower (Demonspawn Hunter)  Turns: 1377, Time: 00:06:35

HP  33/33        AC  3     Str 14      XL: 4   Next:  1%
MP   3/3         EV 11     Int 12      God:
Gold 27          SH  0     Dex 13      Spells:  0 memorised,  3 levels left

Res.Fire  : . . .   See Invis. : .   b - +1 crossbow
Res.Cold  : . . .   Warding    : .   d - +0 leather armour
Life Prot.: . . .   Conserve   : .   (no shield)
Res.Poison: .       Res.Corr.  : .   (no helmet)
Res.Elec. : .       Clarity    : .   (no cloak)
Sust.Abil.: . .     Spirit.Shd : .   (no gloves)
Res.Mut.  : .       Stasis     : .   (no boots)
Res.Rott. : .       Flight     : .   (no amulet)
Saprovore : . . .                    (no ring)
                                     (no ring)

@: slightly resistant to hostile enchantments, unstealthy
A: hooves 1, powered by death 1
a: no special abilities


You were on level 2 of the Dungeon.
You were not hungry.

You visited 1 branch of the dungeon, and saw 2 of its levels.

You collected 7 gold pieces.

Inventory:

Hand weapons
 a - a +0,+0 short sword
 b - a +1,+1 crossbow (weapon)
Missiles
 c - 10 bolts (quivered)
Armour
 d - a +0 leather armour (worn)
Comestibles
 f - 2 bread rations
 g - an apple
 k - a rambutan
 n - an apricot
 p - a chunk of giant cockroach flesh
Scrolls
 h - 5 scrolls of remove curse {unknown}
 l - a scroll of enchant armour {unknown}
 m - a scroll of amnesia {unknown}
 o - a scroll of random uselessness {unknown}
 r - a scroll of teleportation {unknown}
Potions
 e - 2 potions of curing {unknown}
 i - a potion of degeneration {unknown}
 j - a potion of might {unknown}
 q - 2 potions of invisibility {unknown}
 s - a potion of brilliance {unknown}


   Skills:
 + Level 1.2 Fighting
 + Level 4.3 Crossbows
 + Level 1.0 Armour
 + Level 2.6 Dodging
 + Level 0.8 Stealth


You had 3 spell levels left.
You didn't know any spells.

Dungeon Overview and Level Annotations

Branches:
Dungeon (2/27)

Altars:


Innate Abilities, Weirdness & Mutations

You have large cloven feet.
You can steal the life force of nearby defeated enemies.


Message History

Aim: a worm (moderately wounded)
You shoot a bolt. The bolt hits the worm.
The worm is severely wounded.
Firing (i - inventory):
c - 12 bolts (quivered)
Press: ? - help, Shift-Dir - straight line, f/p - worm
Aim: a worm (severely wounded)
You shoot a bolt. The bolt hits the worm.
The worm is severely wounded.
Firing (i - inventory):
c - 11 bolts (quivered)
Press: ? - help, Shift-Dir - straight line, f/p - worm
Aim: a worm (severely wounded)
You shoot a bolt. The bolt hits the worm.
You kill the worm!
Your Armour skill increases to level 1!
You have reached level 4!
You feel monstrous as your demonic heritage exerts itself.
Your demonic ancestry asserts itself...
Your feet thicken and deform.
You feel stronger.
Are you sure you want to abandon this character and quit the game? (Confirm with "yes".)

##########
#........#
#.######.#
#........####
.....#......#
#.##.#....#.#
#.##........#
#...........#######
#...............@.#
######.##.#.#####.#
#.##.#.# #.#
#.##.#.# #(#
#......# #.#
###...## #..((((.#
# ##.....##
#..####.# ##
##.......## #...
.####.........#
##...


There were no monsters in sight!

Vanquished Creatures
  An adder (D:2)
  2 worms (D:2)
  2 giant geckos
  2 ball pythons
  6 giant cockroaches
  2 hobgoblins (D:1)
  7 jackals
  A quokka (D:2)
  6 bats
  A giant newt (D:1)
  8 goblins
  4 kobolds (D:1)
  5 rats
47 creatures vanquished.

Notes
Turn   | Place    | Note
--------------------------------------------------------------
     0 | D:1      | CrazyArbalest, the Demonspawn Hunter, began the quest for the Orb.
     0 | D:1      | Reached XP level 1. HP: 16/16 MP: 0/0
    19 | D:1      | Reached skill level 4 in Crossbows
    62 | D:1      | Gained mutation: You can steal the life force of nearby defeated enemies. [demonic ancestry]
    62 | D:1      | Reached XP level 2. HP: 22/22 MP: 1/1
   654 | D:1      | Reached XP level 3. HP: 24/27 MP: 2/2
  1376 | D:2      | Reached skill level 1 in Armour
  1376 | D:2      | Gained mutation: You have large cloven feet. [demonic ancestry]
  1376 | D:2      | Reached XP level 4. HP: 33/33 MP: 3/3
  1377 | D:2      | Quit the game

Action                   |  1- 3 |  4- 6 || total
-------------------------+-------+-------++-------
Melee: Short sword       |   184 |       ||   184
 Fire: Crossbow          |    31 |       ||    31
